 Dungeon Crawl Stone Soup version 0.18.1-50-g88ac8fd (webtiles) character file.

11277 epen the Martial Artist (level 11, -6/89 HPs)
             Began as a Merfolk Monk on Sept 16, 2016.
             Was a Priest of Cheibriados.
             Mangled by a komodo dragon (24 damage)
             ... on level 1 of the Lair of Beasts.
             The game lasted 00:24:24 (13406 turns).

epen the Martial Artist (Merfolk Monk)             Turns: 13406, Time: 00:24:25

Health: -6/89      AC: 10    Str: 19    XL:     11   Next: 75%
Magic:  18/18      EV: 23    Int: 19    God:    Cheibriados [***...]
Gold:   271        SH:  0    Dex: 29    Spells: 1 memorised, 11 levels left

rFire  . . .     SeeInvis +     y - +5 short sword "Tadwici" {flame, rPois SInv}
rCold  . . .     Gourm    .     u - +1 ring mail
rNeg   + . .     Faith    +     (no shield)
rPois  +         Spirit   .     i - +1 hat
rElec  .         Dismiss  .     J - +1 cloak
rCorr  .         Reflect  .     (no gloves)
SustAt +         Harm     .     n - +0 pair of boots
MR     +....                    a - amulet of faith
Stlth  ++........               c - ring of positive energy
                                p - ring of sustain attributes

@: very slow, somewhat resistant to hostile enchantments, unstealthy
A: change form in water, swift swim, agile 1, magic resistance 1, wild magic 1
a: Bend Time, Temporal Distortion, Renounce Religion


You were on level 1 of the Lair of Beasts.
You worshipped Cheibriados.
Cheibriados was most pleased with you.
You were not hungry.

You visited 2 branches of the dungeon, and saw 11 of its levels.

You collected 608 gold pieces.
You spent 337 gold pieces at shops.

Inventory:

Hand Weapons
 y - the +5 short sword "Tadwici" (weapon) {flame, rPois SInv}
   (You took it off an orc on level 7 of the Dungeon)

   It has been specially enchanted to burn those struck by it, causing extra
   injury to most foes and up to half again as much damage against particularly
   susceptible opponents.
   It protects you from poison.
   It lets you see invisible.
Armour
 i - a +1 hat (worn)
 n - a +0 pair of boots (worn)
 q - a +2 robe of resistance
 u - a +1 ring mail (worn)
 J - a +1 cloak (worn)
Jewellery
 a - an amulet of faith (around neck)
 c - a ring of positive energy (right hand)
 p - a ring of sustain attributes (left hand)
Wands
 l - a wand of disintegration (13/24)
 B - a wand of iceblast (6/15)
 E - a wand of acid (8/15)
Scrolls
 d - a scroll of fear
 j - 11 scrolls of remove curse
 r - a scroll of teleportation
 w - a scroll of fog
 z - a scroll of enchant armour
 A - a scroll of recharging
 D - 2 scrolls of magic mapping
 K - a scroll of identify
Potions
 f - a potion of mutation
 h - 5 potions of curing
 k - a potion of heal wounds
 m - a potion of brilliance
 s - a potion of resistance
 t - 2 potions of cancellation
 v - 2 potions of flight
 x - 3 potions of magic
 G - a potion of cure mutation
 I - 2 potions of beneficial mutation {unknown}
Books
 e - a book of the Dragon

   Spells                             Type                      Level
   a - Flame Tongue                   Conjuration/Fire             1
   b - Cause Fear                     Hexes                        4
   c - Bolt of Fire                   Conjuration/Fire             6
   d - Dragon Form                    Transmutation                7
   e - Dragon's Call                  Summoning                    9
 C - a book of Geomancy

   Spells                             Type                      Level
   a - Sandblast                      Earth                        1
   b - Passwall                       Transmutation/Earth          2
   c - Stone Arrow                    Conjuration/Earth            3
   d - Petrify                        Transmutation/Earth          4
   e - Lee's Rapid Deconstruction     Earth                        5
Miscellaneous
 H - a sack of spiders
Comestibles
 b - 5 bread rations
 g - 9 meat rations
 o - a royal jelly


   Skills:
 + Level 9.4 Fighting
 + Level 11.2 Dodging
 - Level 2.1 Stealth
 + Level 11.8 Unarmed Combat
 + Level 4.3 Spellcasting
 * Level 8.3 Transmutations
 - Level 9.9 Invocations


You had 11 spell levels left.
You knew the following spells:

 Your Spells              Type           Power        Failure   Level  Hunger
a - Dragon Form           Trmt           #####.....   100%        7    #######


Dungeon Overview and Level Annotations

Branches:
Dungeon (10/15)            Temple (0/1) D:4            Lair (1/8) D:9
    Orc: D:9-12

Altars:
Ashenzari
Cheibriados
Kikubaaqudgha
Pakellas
Qazlal
Ru

Shops:
D:5 **[!=   D:6 :   D:10 *

Annotations:
D:10 Gastronok


Innate Abilities, Weirdness & Mutations

You revert to your normal form in water.
You are very nimble and swift while swimming.
You are agile. (Dex +2)
You are resistant to hostile enchantments.
Your spells are a little harder to cast, but a little more powerful.


Message History

You closely miss the komodo dragon.
You punch the komodo dragon, but do no damage.
The komodo dragon is almost dead.
The komodo dragon bites you!
* * * LOW HITPOINT WARNING * * *
You are too injured to fight recklessly!
You are too injured to fight recklessly!
You completely miss the komodo dragon.
The komodo dragon is almost dead.
The komodo dragon completely misses you.
You hit the komodo dragon but do no damage.
The komodo dragon is almost dead.
The komodo dragon completely misses you.
You barely miss the komodo dragon.
The komodo dragon is almost dead.
The komodo dragon completely misses you.
You hit the komodo dragon but do no damage.
The komodo dragon is almost dead.
The komodo dragon bites you!!
You die...

..##.....## ........#.##
...........##
............## ####
.............###..### ##
.......#.....#.....P#..#
..#....#..#.............
...#..P.#####...........
.#.#.....# ##..@l......
####.....# ####....$.. #
##....### #..P##.
####...# #### ##...##
#.....# #.....# #.....#
#.....##


You could see a komodo dragon.

Vanquished Creatures
  A hydra (Lair:1)
  Urug (D:10)
  The ghost of Lovchig the Cleaver, a novice DDFi of the Shining One (D:8)
  Pikel (D:7)
  Maurice (D:10)
  A black mamba (Lair:1)
  Joseph (D:10)
  2 spiny frogs (Lair:1)
  2 wyverns
  9 yaks
  Grum (D:10)
  A basilisk (Lair:1)
  A porcupine (Lair:1)
  4 orc warriors
  3 sky beasts
  A slave (D:7)
  2 black bears
  A necrophage (D:9)
  4 ogres
  2 wolves (D:10)
  3 centaurs
  2 crocodiles (Lair:1)
  7 giant frogs
  5 scorpions
  10 killer bees
  A howler monkey (D:4)
  5 crimson imps
  9 hounds
  5 orc priests
  A gnoll shaman (D:10)
  3 jellies
  4 iguanas
  9 orc wizards
  7 worker ants
  A hound zombie (D:9)
  A howler monkey zombie (D:7)
  10 adders
  A howler monkey skeleton (D:4)
  7 gnolls
  A shadow imp (D:10)
  An ooze (D:1)
  2 adder zombies
  4 worms
  3 dart slugs
  4 giant geckos
  26 orcs
  11 bats
  2 bat zombies (D:3)
  7 giant cockroaches
  7 goblins
  7 hobgoblins
  10 jackals
  5 kobolds
  7 quokkas
  A ball python (D:3)
  7 giant newts
  2 quokka skeletons
  6 rats
  3 rat zombies (D:3)
  A bush (D:1)
248 creatures vanquished.

Vanquished Creatures (others)
  3 slaves (D:7)
  A scorpion (D:7)
4 creatures vanquished.

Grand Total: 252 creatures vanquished

Notes
Turn   | Place    | Note
--------------------------------------------------------------
     0 | D:1      | epen the Merfolk Monk began the quest for the Orb.
     0 | D:1      | Reached XP level 1. HP: 18/18 MP: 1/1
    41 | D:1      | Reached XP level 2. HP: 24/24 MP: 2/2
  1246 | D:2      | Reached XP level 3. HP: 23/29 MP: 3/3
  1302 | D:2      | Reached skill level 5 in Unarmed Combat
  1690 | D:2      | Reached XP level 4. HP: 11/37 MP: 4/4
  2007 | D:2      | Found a snail-covered altar of Cheibriados.
  2043 | D:2      | Became a worshipper of Cheibriados the Contemplative
  2043 | D:2      | Reached * piety under Cheibriados
  2043 | D:2      | Reached ** piety under Cheibriados
  2109 | D:2      | Reached skill level 5 in Dodging
  2292 | D:2      | Found a stormy altar of Qazlal.
  2733 | D:3      | Reached XP level 5. HP: 36/43 MP: 5/5
  2982 | D:3      | Found a shattered altar of Ashenzari.
  3106 | D:3      | Reached *** piety under Cheibriados
  3333 | D:3      | Reached skill level 1 in Invocations
  3418 | D:3      | Found an ancient bone altar of Kikubaaqudgha.
  3725 | D:4      | Found a staircase to the Ecumenical Temple.
  3860 | D:4      | Noticed an ogre
  3871 | D:4      | Killed an ogre
  3871 | D:4      | Reached XP level 6. HP: 24/49 MP: 7/7
  4551 | D:5      | Entered Level 5 of the Dungeon
  4553 | D:5      | Found Kohy's Distillery.
  4563 | D:5      | Bought 2 potions of heal wounds for 120 gold pieces
  4563 | D:5      | Bought a potion of curing for 36 gold pieces
  4563 | D:5      | Bought a potion of curing for 36 gold pieces
  4569 | D:5      | Found Noiryaxu's Assorted Antiques.
  4644 | D:5      | Found Guresk's General Store.
  4695 | D:5      | Reached XP level 7. HP: 51/55 MP: 9/9
  4818 | D:5      | Reached **** piety under Cheibriados
  4888 | D:5      | Found Yjy Wyts's Jewellery Emporium.
  4976 | D:5      | Reached skill level 5 in Fighting
  4989 | D:5      | You fall through a shaft!
  5019 | D:5      | Found Honadgh's Armour Shoppe.
  5251 | D:5      | Gained mutation: You are agile. (Dex +2) [potion of mutation]
  5251 | D:5      | Gained mutation: You are resistant to hostile enchantments. [potion of mutation]
  5251 | D:5      | Gained mutation: Your spells are a little harder to cast, but a little more powerful. [potion of mutation]
  5491 | D:6      | Reached XP level 8. HP: 35/62 MP: 5/11
  5492 | D:6      | Reached skill level 10 in Unarmed Combat
  5492 | D:6      | Reached XP level 9. HP: 42/74 MP: 5/16
  5758 | D:6      | Found Naapes's Book Shoppe.
  6667 | D:7      | Noticed Pikel
  6676 | D:7      | Killed Pikel
  6723 | D:6      | Found an oddly glowing altar of Pakellas.
  6746 | D:7      | Learned a level 7 spell: Dragon Form
  6784 | D:7      | Reached skill level 1 in Transmutations
  7071 | D:7      | Reached ***** piety under Cheibriados
  7142 | D:7      | Got a twisted short sword {flame}
  7143 | D:7      | Identified the +5 short sword "Tadwici" {flame, rPois SInv} (You took it off an orc on level 7 of the Dungeon)
  7391 | D:8      | Reached skill level 1 in Spellcasting
  7428 | D:8      | Reached XP level 10. HP: 35/80 MP: 17/17
  8020 | D:8      | Found a sacrificial altar of Ru.
  8026 | D:8      | Reached skill level 10 in Dodging
  8176 | D:8      | Noticed Lovchig's ghost (novice DDFi)
  8202 | D:8      | Killed Lovchig's ghost
  8720 | D:9      | Found a staircase to the Lair.
  9413 | D:9      | Reached skill level 5 in Transmutations
 10066 | D:10     | Entered Level 10 of the Dungeon
 10103 | D:10     | Noticed Joseph
 10235 | D:10     | Noticed Grum
 10261 | D:10     | Killed Grum
 10579 | D:10     | Reached XP level 11. HP: 65/87 MP: 18/18
 10727 | D:10     | Found Zex Xil's Assorted Antiques.
 10736 | D:10     | Bought a potion of heal wounds for 145 gold pieces
 10744 | D:10     | Noticed Maurice
 10760 | D:10     | Killed Maurice
 10930 | D:10     | Noticed Urug
 10951 | D:10     | Killed Urug
 11452 | D:10     | Killed Joseph
 11551 | D:10     | Noticed Gastronok
 11850 | Lair:1   | Entered Level 1 of the Lair of Beasts
 12966 | Lair:1   | Noticed a six-headed hydra
 12982 | Lair:1   | Killed a six-headed hydra
 13406 | Lair:1   | Mangled by a komodo dragon

Skill      XL: |  1  2  3  4  5  6  7  8  9 10 11 |
---------------+----------------------------------+-----
Unarmed Combat | 5 6 7 10 11 | 11.8
Fighting       | 4 5 7 8 9 |  9.4
Dodging        | 5 6 9 10 11 | 11.2
Invocations    | 2 3 4 9 |  9.9
Transmutations | 2 5 8 |  8.3
Spellcasting   | 1 2 4 |  4.3
Stealth        | |  2.1

Action                   |  1- 3 |  4- 6 |  7- 9 | 10-12 || total
-------------------------+-------+-------+-------+-------++-------
Melee: Unarmed           |   238 |   203 |   199 |    48 ||   688
       Punch             |     5 |    11 |    20 |    48 ||    84
       Short sword       |       |       |    39 |   323 ||   362
       Tailslap          |       |       |       |     1 ||     1
Invok: Slouch            |       |       |     1 |    12 ||    13
  Use: Scroll            |       |       |    18 |     5 ||    23
       Potion            |       |       |     3 |     4 ||     7
 Stab: Sleeping          |     7 |    18 |     8 |    11 ||    44
       Distracted        |       |       |     1 |     1 ||     2
  Eat: Chunk             |     3 |     5 |     5 |     9 ||    22
       Royal jelly       |       |       |       |     1 ||     1
Armor: Robe              |    13 |    28 |       |       ||    41
       Ring mail         |       |     7 |    34 |    48 ||    89
Dodge: Dodged            |    66 |   162 |   190 |   463 ||   881
